cohdb
Replays
Latest Replays
All Replays
Popular Replays
Top Player Replays
Match Explorer
How It Works
Community
CoH3 Stats
Reddit
Sign in to upload your games and track your stats! →
Sign in with Steam
Match 40682275
Unlisted
Match 40682275
Overview
Messages
Build Orders
End
Construct Barracks
Selects Heavy Weapons
Riflemen Squad
Riflemen Squad
Construct Weapon Support Center
M1919 Machine Gun Team
Grenade Package
Selects M2HB .50cal Heavy Machine Gun
Mechanized Support Center
M3 Armored Personnel Carrier
M1919 Machine Gun Team
Engineer Squad
M3 Armored Personnel Carrier
M1918 Browning Automatic Rifles
Salvage Crew
Construct Motor Pool
Bazooka Squad
M1 Anti-tank Gun Team
Riflemen Squad
Selects Assault Carriers
Selects Exchangeable Parts
M24 Chaffee Light Tank
Macho Man Randy Savage
Winston Churchill the Donnie
Hu®®ama™
Nashorn101
0
0
Comments
sign in to comment!
No comments posted yet!